 Dungeon Crawl Stone Soup version 0.28.0-45-g0d030f2227 (webtiles) character file.

Game seed: 17261890681338762035

4 Descartes the Grasshopper (level 1, 0/9 HPs)
             Began as a Felid Warper on Apr 18, 2022.
             Slain by a hobgoblin (3 damage)
             ... on level 1 of the Dungeon.
             The game lasted 00:00:17 (40 turns).

Descartes the Grasshopper (Felid Warper)              Turns: 40, Time: 00:00:18

Health: 0/9        AC:  1    Str:  7    XL:     1   Next: 58%
Magic:  4/4        EV: 17    Int: 14    God:
Gold:   0          SH:  0    Dex: 15    Spells: 4/4 levels left
                                        Lives:  0   Deaths: 0

rFire   . . .      SeeInvis +     - Unarmed
rCold   . . .      Faith    .   (shield unavailable)
rNeg    . . .      Spirit   .   (armour unavailable)
rPois   .          Reflect  .   (helmet unavailable)
rElec   .          Harm     .   (cloak unavailable)
rCorr   .          Rampage  .   (gloves unavailable)
Will    .....                   (boots unavailable)
Stlth   +.........              (no amulet)
HPRegen 0.03/turn               (no ring)
MPRegen 0.09/turn               (no ring)

@: quick
A: very small, claws 1, fangs 3, see invisible, speed 1, shaggy fur 1, stealthy
paws, no weapons or thrown items, no armour, multi-lived
a: no special abilities


You were on level 1 of the Dungeon.
You visited 1 branch of the dungeon, and saw 1 of its levels.

Inventory:

Scrolls
 a - a scroll of blinking


   Skills:
 - Level 2.0 Fighting
 + Level 3.3 Dodging
 * Level 2.3 Unarmed Combat
 - Level 2.0 Spellcasting
 - Level 4.4 Translocations


You had 4 spell levels left.
You didn't know any spells.
Your spell library contained the following spells:

 Spells                   Type           Power      Damage    Failure   Level
 Blink                    Tloc           26%        N/A       6%          2
 Gell's Gravitas          Tloc           13%        N/A       12%         3
 Lesser Beckoning         Tloc           13%        N/A       12%         3
 Teleport Other           Tloc           13%        N/A       12%         3
 Manifold Assault         Tloc           13%        N/A       73%         5


Dungeon Overview and Level Annotations

Branches:
Dungeon (1/15)

Altars:


Innate Abilities, Weirdness & Mutations

You have sharp claws.
You have razor-sharp teeth.
You have supernaturally acute eyesight. (SInv)
You cover ground quickly. (Speed+)
You are covered in fur. (AC +1)
Your paws help you pounce on unaware monsters.
You are incapable of wielding weapons or throwing items.
You cannot wear armour.
You gain extra lives every three experience levels.


Message History

You are too injured to fight recklessly!
You are too injured to fight recklessly!
You are too injured to fight recklessly!
You are too injured to fight recklessly!
You are too injured to fight recklessly!
You are too injured to fight recklessly!
You are too injured to fight recklessly!
You are too injured to fight recklessly!
You are too injured to fight recklessly!
You are too injured to fight recklessly!
You are too injured to fight recklessly!
You escape the ball python's grasp.
The bat closely misses you. The bat completely misses you.
The bat completely misses you. The bat hits you but does no damage.
You miss the bat. The bat barely misses you.
You scratch the bat.
You kill the bat!
You closely miss the ball python. The ball python misses you.
The ball python completely misses you.
You scratch the ball python.
You kill the ball python!
An endoplasm comes into view.
The endoplasm quivers.
You scratch the rat.
You kill the rat!
The goblin hits you with a +1 dagger of holy wrath.
* * * LOW HITPOINT WARNING * * *
You scratch the goblin.
The goblin is severely wounded.
The goblin closely misses you.
You scratch the goblin.
You kill the goblin!
You scratch the kobold.
You kill the kobold!
A ball python comes into view.
You closely miss the hobgoblin. The hobgoblin closely misses you.
You closely miss the hobgoblin. The hobgoblin hits you.
You die...

#.# #.#.# ..#
#.#.# #.# #.#.#
#.# ..#.#
#^#####.#
#.#.....#
#.#.#####
#.......#
###@#######
#.#g# #. #.gB#
##...###J###
...........#
.#.............
...........##.#
.#..$......# #
........B....


You could see an endoplasm, a giant cockroach, a hobgoblin and a goblin.

Vanquished Creatures
  A ball python (D:1)
  A goblin (D:1)
  A bat (D:1)
  A kobold (D:1)
  A rat (D:1)
5 creatures vanquished.

Notes
Turn   | Place    | Note
-------+----------+-------------------------------------------
     0 | D:1      | Descartes the Felid Warper began the quest for the Orb.
     0 | D:1      | Reached XP level 1. HP: 9/9 MP: 4/4
    40 | D:1      | Slain by a hobgoblin

Illustrated notes

Levels and vault maps discovered:
D:1:      matt_arrival_spirals, layout_rooms, serial_shops,
          nicolae_shop_crystal, ebering_ecumenical_altar_ruins

Action                   || total
-------------------------++-------
Melee: Unarmed           ||    11
Armor: Skin              ||     1
Dodge: Dodged            ||     9
